 Dungeon Crawl Stone Soup version 0.26-a0-1049-g242049e08c (webtiles) character file.

Game seed: 12153465120068911397

617 KristoblXynda the Slasher (level 7, 0/60 HPs)
             Began as a Green Draconian Gladiator on Dec 12, 2020.
             Was an Initiate of Gozag.
             Slain by Pikel
             ... wielding a +1 whip of freezing
              (2 damage)
             ... on level 6 of the Dungeon.
             The game lasted 00:06:06 (5808 turns).

KristoblXynda the Slasher (DrGl)                    Turns: 5808, Time: 00:06:08

Health: 0/60       AC:  6    Str: 16    XL:     7   Next: 21%
Magic:  7/7        EV: 14    Int: 10    God:    Gozag
Gold:   245        SH:  0    Dex: 13    Spells: 3/6 levels left

rFire    . . .     SeeInvis .   a - +0 long sword
rCold    . . .     Faith    .   (no shield)
rNeg     . . .     Spirit   .   (armour unavailable)
rPois    +         Reflect  .   b - +0 hat
rElec    .         Harm     .   (no cloak)
rCorr    .         Rampage  .   (no gloves)
Will     .....                  (no boots)
Stlth    +.........             q - amulet of magic regeneration
HPRegen  0.20/turn              (no ring)
MPRegen  0.35/turn              (no ring)

@: short of breath
A: breathe noxious fumes, unfitting armour, poison resistance, cold-blooded, AC
+6
a: Breathe Noxious Fumes, Potion Petition, Call Merchant, Bribe Branch, Renounce
Religion


You were on level 6 of the Dungeon.
You worshipped Gozag.
Gozag was aware of your devotion.
You visited 1 branch of the dungeon, and saw 6 of its levels.

You collected 294 gold pieces.
You paid 49 gold pieces to Gozag.

Inventory:

Hand Weapons
 a - a +0 long sword (weapon)
Missiles
 c - 3 throwing nets (quivered)
Armour
 b - a +0 hat (worn)
Jewellery
 q - an amulet of magic regeneration (around neck)
 u - an uncursed ring of ice {unknown}
Scrolls
 d - 6 scrolls of remove curse
 f - a scroll of fog
 h - a scroll of amnesia {unknown}
 i - a scroll of magic mapping {unknown}
 j - 2 scrolls of blinking {unknown}
 k - 2 scrolls of enchant weapon
 l - 4 scrolls of teleportation {unknown}
 p - 2 scrolls of enchant armour {unknown}
 s - a scroll of immolation {unknown}
 t - 2 scrolls of identify
Potions
 g - a potion of invisibility {unknown}
 m - a potion of attraction {unknown}
 n - 2 potions of flight
 o - a potion of brilliance {unknown}


   Skills:
 + Level 4.7 Fighting
 * Level 6.2 Long Blades
 - Level 2.0 Throwing
 + Level 4.4 Dodging


You had 3 spell levels left.
You knew the following spells:

 Your Spells              Type           Power        Failure   Level
a - Stone Arrow           Conj/Erth      #.....       75%         3

Your spell library contained the following spells:

 Spells                   Type           Power        Failure   Level
 Sandblast                Erth           #.....       36%         1
 Passwall                 Tmut/Erth      #.......     50%         2
 Petrify                  Tmut/Erth      #.......     98%         4
 Lee's Rapid Deconstruct  Erth           #.........   100%        5


Dungeon Overview and Level Annotations

Branches:
Dungeon (6/15)             Temple (0/1) D:5

Altars:
Dithmenos
Gozag
Uskayaw

Annotations:
D:6 Pikel


Innate Abilities, Weirdness & Mutations

You can breathe blasts of noxious fumes.
Your lurid green scales are hard. (AC +6)
You cannot fit into any form of body armour.
Your system is resistant to poisons. (rPois)
You are cold-blooded and may be slowed by cold attacks.


Message History

Pikel zaps a wand.
You resist with some effort.
Press: ? - help, Shift-Dir - straight line, f/p - Pikel
Aim: Pikel, wielding a +1 whip of freezing, wearing a +0 robe and carrying a wand of enslavement (11) (severely wounded)
You exhale a blast of noxious fumes.
The blast of choking fumes hits Pikel.
Pikel is almost dead.
Pikel is engulfed in noxious fumes.
Pikel appears confused.
Unknown command.
You barely miss Pikel.
Pikel is almost dead.
Pikel hits you but does no damage.
You hit Pikel.
Your tail-slap misses Pikel.
Pikel is almost dead.
Pikel closely misses you.
You hit Pikel.
Your tail-slap misses Pikel.
Pikel is almost dead.
Pikel hits you with a +1 whip of freezing.
* * * LOW HITPOINT WARNING * * *
Pikel freezes you.
You die...
Your body crumbles into a pile of gold.

#....# .o...... ..
#....# #...>... ##.#
##....[ #o......
#.$........ #.......
......#...# #####.......
#.........###...........
#.....##..##............
#......#................
#.○..○°@.##.....?.......
......#K..$.............
..... ##.##............<
##....#.................
#.##...$##.............
.........$<$............
....##..#####...........
.## ##.. ##..$.......
#.. #..........


You could see Pikel (confused).

Vanquished Creatures
  An orc warrior (D:5)
  4 lemures (D:6)
  A scorpion (D:6)
  An orc priest (D:4)
  A centaur skeleton (D:5)
  A bullfrog skeleton (D:6)
  4 orc wizards
  A worker ant (D:4)
  A hound zombie (D:5)
  6 adders
  2 shadow imps (D:5)
  A white imp (D:5)
  2 oozes
  2 worms (D:4)
  4 dart slugs
  5 leopard geckos
  21 orcs
  4 bats
  8 giant cockroaches
  13 goblins
  10 hobgoblins
  12 jackals
  5 kobolds
  3 quokkas
  2 ball pythons (D:2)
  4 frilled lizards
  6 rats
125 creatures vanquished.

Notes
Turn   | Place    | Note
-------+----------+-------------------------------------------
     0 | D:1      | KristoblXynda the Draconian Gladiator began the quest for
                  | the Orb.
     0 | D:1      | Reached XP level 1. HP: 17/17 MP: 1/1
   394 | D:1      | Reached XP level 2. HP: 18/25 MP: 2/2
  1003 | D:2      | Reached XP level 3. HP: 27/30 MP: 3/3
  1597 | D:2      | Reached XP level 4. HP: 38/38 MP: 4/4
  1635 | D:2      | Reached skill level 4 in Long Blades
  1967 | D:2      | Found a faded altar of an unknown god.
  2597 | D:3      | Reached XP level 5. HP: 35/45 MP: 5/5
  2934 | D:3      | Found a shadowy altar of Dithmenos.
  2939 | D:3      | You fall into a shaft and drop 1 floor!
  3479 | D:4      | Learned a level 3 spell: Stone Arrow
  3540 | D:4      | Reached skill level 5 in Long Blades
  4197 | D:3      | Reached XP level 6. HP: 40/52 MP: 6/6
  4422 | D:3      | Found a hide-covered altar of Uskayaw.
  4475 | D:3      | Found an opulent altar of Gozag.
  4538 | D:3      | Became a worshipper of Gozag Ym Sagoz the Greedy
  4703 | D:5      | Entered Level 5 of the Dungeon
  5166 | D:5      | Found a staircase to the Ecumenical Temple.
  5534 | D:6      | Noticed an orc warrior
  5561 | D:5      | Killed an orc warrior
  5562 | D:5      | Reached skill level 6 in Long Blades
  5562 | D:5      | Your scales start taking on a lurid green colour.
  5562 | D:5      | Reached XP level 7. HP: 30/60 MP: 7/7
  5562 | D:5      | Gained mutation: Your system is resistant to poisons.
                  | (rPois) [Green Draconian growth]
  5726 | D:6      | Noticed Pikel
  5808 | D:6      | HP: 2/60 [Pikel/+1 whip of freezing (6)]
  5808 | D:6      | Slain by Pikel

Illustrated notes

Levels and vault maps discovered:
D:1:      minmay_arrival_split_and_join, layout_basic
D:2:      layout_basic, chequers_ecumenical_altar_lobes, hex_tiny
D:3:      minmay_general_purpose_star, layout_rooms,
          nicolae_gozag_cash_rules_everything_around_me, general_overflow_altar,
          st_stairs_11, grunt_dithmenos_smoke
D:4:      layout_loops_ring, minmay_misc_feat_diagonals
D:5:      layout_gridville, minmay_temple_entry_hall
D:6:      layout_rooms, hangedman_decor_points, uniq_pikel

Skill      XL: |  1  2  3  4  5  6 |
---------------+-------------------+-----
Throwing       | 2 |  2.0
Dodging        | 3 4 |  4.4
Fighting       | 3 4 |  4.7
Long Blades    | 4 5 6 |  6.2

Action                   |  1- 3 |  4- 6 |  7- 9 || total
-------------------------+-------+-------+-------++-------
Melee: Long sword        |   111 |   238 |    63 ||   412
       Tailslap          |     7 |    32 |    12 ||    51
 Abil: Breathe Noxious F |       |       |     4 ||     4
  Use: Scroll            |       |     5 |       ||     5
       Potion            |       |     1 |     4 ||     5
 Stab: Sleeping          |       |     4 |       ||     4
       Distracted        |       |       |     1 ||     1
Armor: Skin              |    52 |    58 |    16 ||   126
Dodge: Dodged            |    93 |   190 |    48 ||   331
       Rpst.: Long sword |    22 |    63 |    18 ||   103

Table legend: (Time is in decaauts)
 A = Elapsed time spent in this place.
 B = Non-inter-level travel time spent in this place.
 C = Inter-level travel time spent in this place.
 D = Time resting spent in this place.
 E = Time spent auto-exploring this place.
 F = Levels seen in this place.
 G = Mean time per level.
                   A        B        C        D        E       F      G
               +--------+--------+--------+--------+--------+-----+--------+
         Total |   5884 |   5773 |    111 |   1515 |   3166 |   6 |  980.7 |
       Dungeon |   5884 |   5773 |    111 |   1515 |   3166 |   6 |  980.7 |
               +--------+--------+--------+--------+--------+-----+--------+

Top non-repeatable levels by time:
     D:2: 1569 daAuts
     D:4: 1223 daAuts
     D:1: 1001 daAuts
     D:5: 986 daAuts
     D:3: 968 daAuts
     D:6: 136 daAuts
